 Dungeon Crawl Stone Soup version 0.19-a0-1456-gc747e27 (webtiles) character file.

144 RonnieColeman the Conjurer (level 5, -4/31 HPs)
             Began as an Octopode Conjurer on Sept 6, 2016.
             Was an Initiate of Kikubaaqudgha.
             Slain by a quokka (5 damage)
             ... on level 3 of the Dungeon.
             The game lasted 00:04:17 (2046 turns).

RonnieColeman the Conjurer (Octopode Conjurer)      Turns: 2046, Time: 00:04:17

Health: -4/31      AC:  1    Str:  7    XL:     5   Next: 26%
Magic:  4/10       EV: 13    Int: 19    God:    Kikubaaqudgha [......]
Gold:   79         SH:  0    Dex: 15    Spells: 3 memorised, 1 level left

rFire  . . .     SeeInvis .     e - +0 short sword
rCold  . . .     Gourm    .     (no shield)
rNeg   . . .     Faith    .     (helmet restricted)
rPois  .         Spirit   .     (no amulet)
rElec  .         Dismiss  .     h - ring of flight
rCorr  +         Reflect  .     i - ring of resist corrosion
MR     .....     Harm     .     r - +3 ring of dexterity
Stlth  +++.......               (no ring)
                                (no ring)
                                (no ring)
                                (no ring)
                                (no ring)

@: no status effects
A: almost no armour, stealthy swim, amphibious, 8 rings, constrict 8, camouflage
1, gelatinous body 1
a: Renounce Religion, Evoke Flight


You were on level 3 of the Dungeon.
You worshipped Kikubaaqudgha.
Kikubaaqudgha was noncommittal.
You were not hungry.

You visited 1 branch of the dungeon, and saw 3 of its levels.

You collected 79 gold pieces.

Inventory:

Hand Weapons
 c - a +0 dagger
 e - a +0 short sword (weapon)
Jewellery
 h - a ring of flight (left tentacle)
 i - a ring of resist corrosion (right tentacle)
 r - a +3 ring of dexterity (on tentacle)
Scrolls
 k - 2 scrolls of remove curse {unknown}
 l - a scroll of enchant weapon {unknown}
 o - 2 scrolls of identify {unknown}
 q - a scroll of noise {unknown}
Potions
 d - 2 potions of curing {unknown}
 g - a potion of heal wounds {unknown}
 n - a potion of mutation {unknown}
Books
 a - a book of Conjurations

   Spells                             Type                      Level
   a - Magic Dart                     Conjuration                  1
   b - Searing Ray                    Conjuration                  2
   c - Dazzling Spray                 Conjuration/Hexes            3
   d - Fulminant Prism                Conjuration/Hexes            4
   e - Iskenderun's Mystic Blast      Conjuration                  4
   f - Iskenderun's Battlesphere      Conjuration/Charms           5
Comestibles
 b - 3 bread rations
 f - a beef jerky
 j - a chunk of flesh
 m - a royal jelly
 p - 2 fruits


   Skills:
 - Level 2.0 Dodging
 - Level 2.6 Stealth
 * Level 3.9 Spellcasting
 + Level 5.1 Conjurations


You had one spell level left.
You knew the following spells:

 Your Spells              Type           Power        Failure   Level  Hunger
a - Magic Dart            Conj           ###.         1%          1    None
b - Iskenderun's Battles  Conj/Chrm      ##......     96%         5    ######.
c - Iskenderun's Mystic   Conj           ###.....     17%         4    ####...


Dungeon Overview and Level Annotations

Branches:
Dungeon (3/15)

Altars:
Ashenzari
Kikubaaqudgha
Qazlal
Yredelemnul

Annotations:
D:3 RonnieColeman's ghost, amateur OpCj


Innate Abilities, Weirdness & Mutations

You cannot wear most types of armour.
You are very stealthy in the water.
You are amphibious.
You can wear up to eight rings at the same time.
You can use your tentacles to constrict eight enemies at once.
Your skin changes colour to match your surroundings (Stealth+).
Your rubbery body absorbs attacks. (AC +1, EV +1)


Message History

A quokka comes into view.
RonnieColeman's ghost casts a spell at you.
The magic dart hits you! The quokka bites you.
RonnieColeman's ghost turns its malevolent gaze towards you.
Your magical contamination has completely faded away.
The quokka barely misses you.
A goblin comes into view.
The goblin shouts!
RonnieColeman's ghost casts a spell at you.
The magic dart hits you!
* * * LOW HITPOINT WARNING * * *
The goblin hits you.
* * * LOW HITPOINT WARNING * * *
The quokka misses you.
You barely miss the goblin. Your grab misses the goblin. The goblin hits you.
* * * LOW HITPOINT WARNING * * *
The quokka bites you.
You die...
Kikubaaqudgha rasps: "You have failed me!
Welcome... death!"

.. #.# #.#
##.# ..# ..#
###.###
#.@...+
#.#####g#r#.+
#...........+
#####..##..#
#..W...#
#.###.##
#.###.#
#.....#
#####.#


You could see a quokka and a goblin.

Vanquished Creatures
  Ijyb (D:2)
  Robin (D:2)
  4 adders (D:2)
  A dart slug (D:1)
  3 worms
  A giant gecko (D:2)
  A ball python (D:2)
  4 giant cockroaches
  14 goblins
  10 hobgoblins
  A quokka (D:2)
  4 bats
  3 giant newts
  7 kobolds
  6 rats
61 creatures vanquished.

Notes
Turn   | Place    | Note
-------+----------+-------------------------------------------
     0 | D:1      | RonnieColeman the Octopode Conjurer began the quest for the Orb.
     0 | D:1      | Reached XP level 1. HP: 11/11 MP: 3/3
   377 | D:1      | Reached XP level 2. HP: 17/17 MP: 5/5
   619 | D:2      | Noticed Robin
   654 | D:2      | Killed Robin
   654 | D:2      | Reached XP level 3. HP: 10/21 MP: 0/7
  1101 | D:2      | Reached XP level 4. HP: 6/27 MP: 5/8
  1343 | D:2      | Noticed Ijyb
  1353 | D:2      | Killed Ijyb
  1382 | D:2      | Found a stormy altar of Qazlal.
  1401 | D:2      | Noticed Terence
  1718 | D:2      | Reached skill level 5 in Conjurations
  1718 | D:2      | Reached XP level 5. HP: 28/31 MP: 3/10
  1726 | D:2      | Learned a level 5 spell: Iskenderun's Battlesphere
  1731 | D:2      | Learned a level 4 spell: Iskenderun's Mystic Blast
  1751 | D:2      | Found a basalt altar of Yredelemnul.
  1884 | D:2      | Found a shattered altar of Ashenzari.
  1884 | D:2      | Found an ancient bone altar of Kikubaaqudgha.
  1890 | D:2      | Became a worshipper of Kikubaaqudgha
  1914 | D:3      | Noticed RonnieColeman's ghost (amateur OpCj)
  2046 | D:3      | HP: 1/31 [goblin (2)]
  2046 | D:3      | Slain by a quokka

Vault maps used:
D:1:      lightli_molten_gateway
D:2:      gammafunk_temple_overflow_statue, grunt_qazlal_sundering,
          lemuel_coloured_pillars_altar, kennysheep_generic_room_5,
          uniq_terence, uniq_iyjb, uniq_robin
D:3:      st_stairs_7, kennysheep_cross_bottleneck

Skill      XL: |  1  2  3  4 |
---------------+-------------+-----
Spellcasting   | 3 |  3.9
Conjurations   | 5 |  5.1
Dodging        | |  2.0
Stealth        | |  2.6

Action                   |  1- 3 |  4- 6 || total
-------------------------+-------+-------++-------
Melee: Dagger            |     7 |       ||     7
       Constrict         |    12 |    10 ||    22
       Tentacles         |     4 |     7 ||    11
       Short sword       |    41 |    43 ||    84
 Cast: Magic Dart        |    27 |    28 ||    55
       Iskenderun's Myst |       |     2 ||     2
 Stab: Sleeping          |     4 |     3 ||     7
  Eat: Chunk             |     1 |     3 ||     4
Armor: Skin              |     3 |     6 ||     9
Dodge: Dodged            |    18 |    33 ||    51
